 Dungeon Crawl Stone Soup version 0.26-a0-466-g989023bd0d (webtiles) character file.

Game seed: 5404330585688495858

18 1player the Shield-Bearer (level 2, 19/19 HPs)
             Began as a Gargoyle Fighter on Aug 13, 2020.
             Quit the game on level 1 of the Dungeon.
             The game lasted 00:01:31 (598 turns).

1player the Shield-Bearer (Gargoyle Fighter)         Turns: 598, Time: 00:01:31

Health: 19/19      AC:  9    Str: 19    XL:     2   Next: 70%
Magic:  2/2        EV:  7    Int:  8    God:
Gold:   16         SH:  9    Dex:  9    Spells: 1/1 levels left

rFire    . . .     SeeInvis .   a - +0 flail
rCold    . . .     Faith    .   c - +0 kite shield
rNeg     + . .     Spirit   .   b - +0 scale mail
rPois    ∞         Reflect  .   (no helmet)
rElec    +         Harm     .   (no cloak)
rCorr    .                      (no gloves)
MR       .....                  (no boots)
Stlth    ..........             (no amulet)
HPRegen  0.06/turn              (no ring)
MPRegen  0.08/turn              (no ring)

@: no status effects
A: negative energy resistance 1, electricity resistance, unbreathing,
petrification resistance, rot immunity, AC +2
a: no special abilities


You were on level 1 of the Dungeon.
You visited 1 branch of the dungeon, and saw 1 of its levels.

You collected 16 gold pieces.

Inventory:

Hand Weapons
 a - a +0 flail (weapon)
 e - a cursed -2 mace
Armour
 b - a +0 scale mail (worn)
 c - a +0 kite shield (worn)
Scrolls
 d - a scroll of enchant armour {unknown}
 f - a scroll of identify {unknown}
Potions
 g - a potion of degeneration {unknown}


   Skills:
 - Level 3.2 Fighting
 - Level 2.9 Maces & Flails
 - Level 3.2 Armour
 + Level 3.5 Shields


You had one spell level left.
You didn't know any spells.
Your spell library was empty.

Dungeon Overview and Level Annotations

Branches:
Dungeon (1/15)

Altars:


Innate Abilities, Weirdness & Mutations

You are resistant to torment.
Your stone body is resilient. (AC +2)
You are immune to poison.
You resist negative energy. (rN+)
You are resistant to electric shocks. (rElec)
You can survive without breathing.
You are immune to petrification.
You are immune to rotting.


Message History

The kobold hits you.
You hit the kobold.
You kill the kobold!
A kobold comes into view. It is wielding a -2 short sword.
Found a stone staircase leading down.
You see here a kobold corpse.
You see here a kobold corpse.
Press: ? - help, v - describe, . - travel, g - get item
Here: a kobold, wielding a -2 short sword Item here: a kobold corpse.
The floor.
You closely miss the kobold. The kobold completely misses you.
You block the kobold's attack.
You closely miss the kobold. The kobold hits you but does no damage.
You closely miss the kobold. The kobold barely misses you.
You sock the kobold!
You kill the kobold!
Things that are here:
a cursed -2 short sword; a kobold corpse; a kobold corpse Are you sure you want to abandon this character and quit the game? (Confirm with "yes".)

#.##.........#
#.##.#######.# #.##.#
#.# #.##.# #####.##
#.##.###......#
#...).........#
####.###.##...# . #.#
#.##...######....
#...........@........
#####.##.#####.....>.
# #. ....... ##### #.
....... ...... #?
......# #####.
.##...# ## ...# ...


There were no monsters in sight!

Vanquished Creatures
  2 leopard geckos (D:1)
  A ball python (D:1)
  A giant cockroach (D:1)
  2 goblins (D:1)
  A hobgoblin (D:1)
  A bat (D:1)
  5 kobolds (D:1)
  3 rats (D:1)
16 creatures vanquished.

Notes
Turn   | Place    | Note
-------+----------+-------------------------------------------
     0 | D:1      | 1player the Gargoyle Fighter began the quest for the Orb.
     0 | D:1      | Reached XP level 1. HP: 14/14 MP: 1/1
    76 | D:1      | Reached XP level 2. HP: 6/19 MP: 2/2
   598 | D:1      | Quit the game

Illustrated notes

Levels and vault maps discovered:
D:1:      dpeg_arrival_tiny_a, layout_loops_ring

Action                   || total
-------------------------++-------
Melee: Flail             ||    54
  Use: Potion            ||     1
Armor: Scale mail        ||    23
Dodge: Dodged            ||    21
Block: Kite shield       ||    15

Table legend: (Time is in decaauts)
 A = Elapsed time spent in this place.
 B = Non-inter-level travel time spent in this place.
 C = Inter-level travel time spent in this place.
 D = Time resting spent in this place.
 E = Time spent auto-exploring this place.
 F = Levels seen in this place.
 G = Mean time per level.
                   A        B        C        D        E       F      G
               +--------+--------+--------+--------+--------+-----+--------+
         Total |    617 |    617 |      0 |    240 |    243 |   1 |  617.0 |
       Dungeon |    617 |    617 |      0 |    240 |    243 |   1 |  617.0 |
               +--------+--------+--------+--------+--------+-----+--------+

Top non-repeatable levels by time:
     D:1: 617 daAuts
